 Dungeon Crawl Stone Soup version 0.29.1-14-g9c671dbff4 (webtiles) character file.

Game seed: 18155987853002454643

6 hawla the Firebug (level 2, 0/20 HPs)
             Began as a Meteoran Fire Elementalist on Feb 12, 2023.
             Slain by an orc wizard
             ... wielding a +0 dagger
              (2 damage)
             ... on level 4 of the Dungeon.
             The game lasted 00:01:24 (115 turns).

hawla the Firebug (Meteoran Fire Elementalist)       Turns: 115, Time: 00:01:26

Health: 0/20       AC:  2    Str:  9    XL:     2   Next: 11%
Magic:  6/6        EV: 12    Int: 16    God:
Gold:   0          SH:  0    Dex: 14    Spells: 5/6 levels left

rFire   . . .      SeeInvis .   (no weapon)
rCold   . . .      Faith    .   (no shield)
rNeg    . . .      Spirit   .   a - +0 robe
rPois   .          Reflect  .   (no helmet)
rElec   .          Harm     .   (no cloak)
rCorr   .          Rampage  .   (no gloves)
Will    .....                   (no boots)
Stlth   +.........              (no amulet)
HPRegen 0.06/turn               (no ring)
MPRegen 0.10/turn               (no ring)

@: very slightly contaminated, glowing
A: sense surroundings 1, otherworldly, glowing, explore regen
a: no special abilities


You were on level 4 of the Dungeon.
You visited 1 branch of the dungeon, and saw 4 of its levels.

Inventory:

Armour
 a - a +0 robe (worn)
Wands
 e - a wand of paralysis (4) (quivered)
Potions
 c - a potion of might {unknown}
 d - 2 potions of resistance {unknown}


   Skills:
 - Level 2.4 Dodging
 - Level 1.4 Stealth
 - Level 2.6 Spellcasting
 - Level 1.2 Conjurations
 - Level 3.8 Fire Magic
 + Level 1.3 Evocations


You had 5 spell levels left.
You knew the following spells:

 Your Spells              Type           Power      Damage    Failure   Level
a - Foxfire               Conj/Fire      40%        2x1d6     7%          1

Your spell library contained the following spells:

 Spells                   Type           Power      Damage    Failure   Level
 Scorch                   Fire           28%        2d6       6%          2
 Conjure Flame            Conj/Fire      10%        6-21      21%         3
 Inner Flame              Hex/Fire       8%         N/A       26%         3
 Flame Wave               Conj/Fire      10%        2d6       56%         4


Dungeon Overview and Level Annotations

Branches:
Dungeon (4/15) Zot: 2284
 Temple: D:4-7

Altars:


Innate Abilities, Weirdness & Mutations

You passively map a small area around you.
You are easily found by Zot.
You glow in the dark.
You regain HP and MP as you explore.


Message History

You conjure some foxfire!
The foxfire hits the orc wizard.
The orc wizard is lightly wounded.
The orc wizard hits you with a +0 dagger.
An orc comes into view. It is wielding a +0 short sword.
The orc closely misses you. The orc closely misses your foxfire.
Casting: Foxfire (safe; 7% risk of failure)
Confirm with . or Enter, or press ? or * to list all spells.
You miscast Foxfire.
You are very lightly contaminated with residual magic.
Nothing appears to happen.
The foxfire hits the orc wizard.
The orc wizard is lightly wounded.
The foxfire hits the orc.
You kill the orc!
The foxfire hits the orc wizard.
The orc wizard is moderately wounded.
The orc misses you.
The orc wizard hits you with a +0 dagger.
Your Evocations skill increases to level 1!
You have reached level 2!
Casting: Foxfire (safe; 7% risk of failure)
Confirm with . or Enter, or press ? or * to list all spells.
You conjure some foxfire!
The orc closely misses you. The orc wizard barely misses you.
You closely miss the orc wizard.
The orc wizard is moderately wounded.
The foxfire hits the orc wizard.
The orc wizard is heavily wounded.
The foxfire hits the orc wizard.
The orc wizard is heavily wounded.
The orc hits you from afar with a +0 trident.
The orc hits you but does no damage.
The orc wizard hits you with a +0 dagger.
Magic courses through your body.
An orc comes into view. It is wielding a +0 club.
The orc hits you from afar with a +0 trident.
* * * LOW HITPOINT WARNING * * *
The orc hits you with a +0 short sword.
* * * LOW HITPOINT WARNING * * *
The orc wizard hits you with a +0 dagger.
You die...

, *### .# , , , , ..#
.# * ##.###. ,,
....o.,,, * ,
**#####....###* * * *
.......#... , , **
######...#.####### ,,
#.....o..........#.#,,
##.#o@o#.#####.#.# ,,
*#.o)..#.# #.#.#, ,,
......#..#.#####.#.# ,
#.....#..#.#.......# ,
, #.### ####.#.###...#
. , ###.#.#.#...# > ,
, .......#...# ,,*
#.###.#.#.#...###. * ,
...................


You could see an orc wizard and 4 orcs.

Vanquished Creatures
  2 orcs
  A goblin (D:2)
  A bat (D:3)
4 creatures vanquished.

Vanquished Creatures (others)
  12 foxfires
12 creatures vanquished.

Grand Total: 16 creatures vanquished

Notes
Turn   | Place    | Note
-------+----------+-------------------------------------------
     0 | D:1      | hawla the Meteoran Fire Elementalist began the quest for
                  | the Orb.
     0 | D:1      | Reached XP level 1. HP: 14/14 MP: 5/5
    41 | D:2      | You fall into a shaft and drop 1 floor!
   106 | D:4      | Noticed an orc wizard
   113 | D:4      | Reached skill level 1 in Evocations
   113 | D:4      | Reached XP level 2. HP: 13/20 MP: 1/6
   115 | D:4      | Slain by an orc wizard

Illustrated notes

Levels and vault maps discovered:
D:1:      dpeg_arrival_simpleton_b, layout_basic
D:2:      layout_basic, hangedman_decor_clover_reticule,
          chequers_serial_rivers_marsh, reono_crystal_passage, uniq_natasha,
          uniq_terence
D:3:      layout_loops_ring, grunt_ministairs_12
D:4:      layout_basic, bloody_makhleb, eino_tiny_chamber,
          minmay_misc_feat_plants

Skill      XL: |  1 |
---------------+----+-----
Evocations     | 1 |  1.3
Dodging        | |  2.4
Stealth        | |  1.4
Spellcasting   | |  2.6
Conjurations   | |  1.2
Fire Magic     | |  3.8

Action                   || total
-------------------------++-------
Melee: Unarmed           ||     2
 Cast: Foxfire           ||     7
  Use: Scroll            ||     1
       Potion            ||     1
Armor: Robe              ||     2
Dodge: Dodged            ||     4
